AoeStats
← damiansilva312

Four Lakes

509969873Analyzed
1v1 RM · 2d ago on Sep 28, 2026· 52m 3s· 2 players
Game mode
Random Map
Map size
Tiny (2 player)
Population
200
Speed
Normal
Resources
Standard
Victory
Conquest
Starting age
Dark Age
Ending age
Imperial Age
RankedLock teamsTeams togetherTeam positionsShared explorationLock speedFull tech treeHidden civsTurbo modeCheats
Victory
Defeat
🇦🇷 Vikings · Argentina
771
+24
🇦🇷 Dravidians · Argentina
781
-29
agus_carrizo42
3:38 Loom
11:36 Feudal Age
12:30 Town Watch
12:34 Double-Bit Axe
18:21 Castle Age
23:44 Town Patrol
23:51 Town Patrol
24:15 Bow Saw
27:32 Forging
27:22 Scale Mail Armor
27:28 Scale Barding Armor
30:20 Imperial Age
28:39 Squires
28:35 Pikeman
29:30 Gold Mining
30:32 Stone Mining
31:45 Capped Ram
32:39 Elite Varangian Guard
33:12 Arson
39:23 Cavalier
40:20 Fletching
43:31 Iron Casting
48:04 Onager
52:56 Blast Furnace
damiansilva312
8:07 Loom
10:43 Feudal Age
12:21 Wheelbarrow
11:40 Double-Bit Axe
18:50 Town Watch
19:13 Gold Mining
24:39 Castle Age
25:55 Bow Saw
26:41 Thumb Ring
26:30 Fletching
26:41 Padded Archer Armor
30:01 Thumb Ring
36:22 Ballistics
39:49 Bodkin Arrow
40:10 Leather Archer Armor
Connection lost

Rejoining the realm…

Still unreachable

The connection could not be restored.

Session expired

The server has moved on; the page needs a fresh start.